AoeStats
← MattAtArms

Arabia

504779072Analyzed
1v1 RM · 27d ago on Sep 6, 2026· 51m 7s· 2 players
Game mode
Random Map
Map size
Tiny (2 player)
Population
200
Speed
Normal
Resources
Standard
Victory
Conquest
Starting age
Dark Age
Ending age
Imperial Age
RankedLock teamsTeams togetherTeam positionsShared explorationLock speedFull tech treeHidden civsTurbo modeCheats
Victory
Defeat
🇧🇷 Khitans · Brazil
1999
+13
🇬🇧 Sicilians · United Kingdom
1933
-13
MattAtArms
6:43 Loom
8:32 Feudal Age
7:47 Loom
9:00 Double-Bit Axe
14:30 Fletching
20:32 Castle Age
18:58 Padded Archer Armor
18:50 Gold Mining
19:13 Padded Archer Armor
19:21 Horse Collar
20:48 Crossbowman
21:31 Bodkin Arrow
23:28 Bow Saw
29:07 Ballistics
32:43 Wheelbarrow
37:38 Imperial Age
35:51 Leather Archer Armor
38:57 Bracer
38:26 Arbalester
39:35 Conscription
40:20 Chemistry
39:31 Heavy Plow
41:37 Hand Cart
41:08 Town Watch
41:57 Masonry
42:31 Hoardings
42:22 Scale Barding Armor
43:05 Forging
43:25 Chain Barding Armor
44:58 Iron Casting
44:12 Light Cavalry
45:02 Bloodlines
44:53 Husbandry
46:31 Plate Barding Armor
47:22 Blast Furnace
49:28 Cavalier
Jeffin
6:44 Loom
9:16 Feudal Age
9:20 Man-at-Arms
10:42 Town Watch
11:03 Double-Bit Axe
15:14 Domestication
16:44 Fletching
20:42 Castle Age
19:00 Gold Mining
19:30 Padded Archer Armor
20:46 Crossbowman
21:25 Bodkin Arrow
22:11 Bow Saw
22:21 Husbandry
24:09 Leather Archer Armor
26:42 Wheelbarrow
27:30 Pastoralism
27:50 Hand Cart
30:36 Ballistics
31:06 Thumb Ring
31:50 Heavy Cavalry Archer
36:01 Stone Mining
39:58 Imperial Age
37:55 Elite Skirmisher
40:37 Stone Shaft Mining
40:44 Bracer
41:25 Masonry
42:16 Chemistry
40:44 Light Cavalry
41:56 Ring Archer Armor
44:05 Scale Barding Armor
44:11 Forging
44:24 Heavy Camel Rider
45:22 Elite Steppe Lancer
48:09 Chain Barding Armor
49:45 Conscription
Connection lost

Rejoining the realm…

Still unreachable

The connection could not be restored.

Session expired

The server has moved on; the page needs a fresh start.